 Dungeon Crawl Stone Soup version 0.30.0-15-g856e2d3f33 (webtiles) character file.

Game seed: 17725724712785804234

116 oldmanjim the Trooper (level 5, -1/54 HPs)
             Began as an Ogre Transmuter on May 18, 2023.
             Was a Believer of Cheibriados.
             Slain by an orc
             ... wielding a +0 war axe
              (10 damage)
             ... on level 3 of the Dungeon.
             The game lasted 00:10:46 (2024 turns).

oldmanjim the Trooper (Ogre Transmuter)             Turns: 2024, Time: 00:10:46

Health: -1/54      AC:  3    Str: 19    XL:     5   Next: 1%
Magic:  9/9        EV: 10    Int: 21    God:    Cheibriados [**....]
Gold:   135        SH:  0    Dex: 14    Spells: 4/10 levels left

rFire   . .          .
                       - Unarmed
rCold   + . .        (no shield)
rNeg    . . .        j - +0 robe {rC+}
rPois   .            (helmet currently unavailable)
rElec   .            (no cloak)
rCorr   .            (gloves unavailable)
SInv    .            (boots unavailable)
Will    .....        (no amulet)
Stlth   +            (no ring)
HPRegen 0.29/turn    (no ring)
MPRegen 0.11/turn

%: no passive effects
@: appendages, very slow
A: horns 2, talons 2, large, unfitting armour, tough skin 1
a: End Transformation, Renounce Religion, Bend Time


You were on level 3 of the Dungeon.
You worshipped Cheibriados.
Cheibriados was pleased with you.
You had temporarily grown beastly horns and talons.
You visited 1 branch of the dungeon, and saw 3 of its levels.

You collected 135 gold pieces.

Inventory:

Missiles
 e - 30 stones
 p - 8 poisoned darts
Armour
 a - a +0 robe
 j - a +0 robe of cold resistance (worn)
Jewellery
 g - a ring of see invisible
Scrolls
 c - a scroll of enchant weapon {unknown}
 f - 3 scrolls of identify {unknown}
 k - a scroll of brand weapon {unknown}
 m - 2 scrolls of blinking {unknown}
 n - a scroll of fear {unknown}
 o - a scroll of teleportation {unknown}
 q - a scroll of amnesia {unknown}
Potions
 b - a potion of lignification
 d - 3 potions of might {unknown}
 h - 2 potions of attraction {unknown}
 i - a potion of invisibility {unknown}
 l - a potion of heal wounds {unknown}
 r - a potion of magic {unknown}


   Skills:
 * Level 3.7 Fighting
 - Level 1.7 Dodging
 + Level 3.2 Unarmed Combat
 + Level 3.2 Spellcasting
 + Level 2.4 Transmutations
 + Level 1.0 Poison Magic


You had 4 spell levels left.
You knew the following spells:

 Your Spells              Type           Power      Damage    Failure   Level
a - Beastly Appendage     Tmut           26%        N/A       4%          1
b - Wereblood             Tmut           13%        N/A       7%          2
c - Spider Form           Tmut/Pois      10%        N/A       19%         3

Your spell library contained the following spells:

 Spells                   Type           Power      Damage    Failure   Level
 Sting                    Tmut/Pois      40%        1d5       6%          1
 Passwall                 Tmut/Erth      6%         N/A       12%         2
 Poisonous Vapours        Pois/Air       10%        N/A       16%         2
 Ensorcelled Hibernation  Hex/Ice        6%         N/A       21%         2
 Swiftness                Air            3%         N/A       36%         3
 Ice Form                 Ice/Tmut       8%         N/A       61%         4
 Olgreb's Toxic Radiance  Pois           7%         N/A       63%         4


Dungeon Overview and Level Annotations

Branches:
Dungeon (3/15)

Altars:
Cheibriados

Annotations:
D:3 fridstol's ghost, amateur TrBe


Innate Abilities, Weirdness & Mutations

You have temporarily grown beastly horns and talons.
You are too large for most types of armour.
You have tough skin. (AC +1)


Message History

An orc priest comes into view. It is wielding a +0 club.
Casting: Beastly Appendage (safe; 4% risk of failure)
Confirm with . or Enter, or press ? or * to list all spells.
You grow a pair of large bovine horns.
Your feet morph into talons.
There is a stone staircase leading down here.
The orc priest shouts!
You hear a shout!
An orc comes into view. It is wielding a +0 war axe. x2
A kobold comes into view. It is wielding a +0 short sword.
The orc priest calls down the wrath of Beogh upon you.
Pain shoots through your body!
Fridstol's ghost wails.
The orc shouts!
The orc throws a boomerang.
The boomerang barely misses you. The orc priest hits you with a +0 club.
You closely miss the orc priest. Your kick misses the orc priest.
Your headbutt misses the orc priest.
The white imp lashes its tail.
The orc priest hits you with a +0 club.
The orc throws a boomerang.
The boomerang hits you.
You hit the orc priest. You claw the orc priest.
The orc priest is severely wounded.
The orc throws a boomerang.
The boomerang hits you.
The orc priest calls down the wrath of Beogh upon you.
Beogh smites you!
* * * LOW HITPOINT WARNING * * *
You are too injured to fight recklessly!
You are too injured to fight recklessly!
You are too injured to fight recklessly!
Unknown command.
You closely miss the orc priest. You claw the orc priest.
You kill the orc priest!
Cheibriados thoroughly appreciates the change of pace.
The orc hits you with a +0 war axe.
* * * LOW HITPOINT WARNING * * *
Your Poison Magic skill increases to level 1!
You have reached level 5!
You barely miss the orc. You claw the orc.
The orc is severely wounded.
The orc hits you with a +0 war axe!
You die...

≈§§§§. #≈§§#
.#####. §..§§
....... ..###
.......## ###
........# #.
.....o..# ..
#......# .#
#...oK# .# ..
#...@# ##!.. .
#....### ...# ..
##.....#
#..##!)###..
#..>#..# ..#
.....##..#...##..#
. ..=?.Z#.5#...#
#.# .
.....#..##..## .#
# ###.ZZ.... #...#
. # ..ZZ....
##.#.# #


You could see 2 orcs and a kobold.

Vanquished Creatures
  An orc priest (D:3)
  4 adders
  A worm (D:2)
  4 dart slugs
  4 ball pythons
  3 bats (D:2)
  4 endoplasms
  2 giant cockroaches
  5 goblins
  4 hobgoblins
  3 quokkas
  2 frilled lizards
  3 kobolds
  A rat (D:2)
41 creatures vanquished.

Notes
Turn   | Place    | Note
-------+----------+-------------------------------------------
     0 | D:1      | oldmanjim the Ogre Transmuter began the quest for the Orb.
     0 | D:1      | Reached XP level 1. HP: 19/19 MP: 3/3
   437 | D:1      | Reached XP level 2. HP: 28/28 MP: 3/5
   590 | D:1      | Found a faded altar of an unknown god.
  1089 | D:1      | Prayed at the altar of an unknown god.
  1089 | D:1      | Became a worshipper of Cheibriados the Contemplative
  1089 | D:1      | Reached * piety under Cheibriados
  1194 | D:2      | Reached XP level 3. HP: 36/36 MP: 4/7
  1197 | D:2      | Learned a level 2 spell: Wereblood
  1201 | D:2      | Learned a level 3 spell: Spider Form
  1457 | D:2      | Reached ** piety under Cheibriados
  1502 | D:2      | Reached XP level 4. HP: 45/45 MP: 6/8
  1988 | D:3      | Noticed fridstol's ghost (amateur TrBe)
  2024 | D:3      | Reached skill level 1 in Poison Magic
  2024 | D:3      | Reached XP level 5. HP: 9/54 MP: 9/9
  2024 | D:3      | Slain by an orc

Illustrated notes

Levels and vault maps discovered:
D:1:      dpeg_arrival_erosion, layout_basic, shapermc_ecumenical_altar_gd
D:2:      layout_rooms
D:3:      layout_rooms, gammafunk_ghost_icy, serial_shops, shop,
          minmay_misc_feat_columns, kennysheep_doodads

Skill      XL: |  1  2  3  4 |
---------------+-------------+-----
Fighting       | 2 3 |  3.7
Transmutations | 2 |  2.4
Unarmed Combat | 3 |  3.2
Spellcasting   | 3 |  3.2
Poison Magic   | 1 |  1.0
Dodging        | |  1.7

Action                     |  1- 3 |  4- 6 || total
---------------------------+-------+-------++-------
  Melee: Unarmed           |    77 |    25 ||   102
         Kick              |    18 |    13 ||    31
         Headbutt          |     9 |     5 ||    14
         Punch             |     1 |       ||     1
   Cast: Beastly Appendage |    19 |    12 ||    31
 Armour: Robe              |    22 |     5 ||    27
  Dodge: Dodged            |    53 |    13 ||    66
